 Dungeon Crawl Stone Soup version 0.28-b1-25-g9875b3fc8c (webtiles) character file.

Game seed: 17795456894156071206

59 crazypyro the Shield-Bearer (level 3, -2/29 HPs)
             Began as a Demonspawn Fighter on Feb 1, 2022.
             Killed from afar by Natasha (7 damage)
             ... with a magic dart
             ... on level 2 of the Dungeon.
             The game lasted 00:02:13 (1272 turns).

crazypyro the Shield-Bearer (Demonspawn Fighter)    Turns: 1272, Time: 00:02:14

Health: -2/29      AC:  3    Str: 18    XL:     3   Next: 78%
Magic:  3/3        EV: 10    Int:  9    God:
Gold:   80         SH:  5    Dex: 14    Spells: 2/2 levels left

rFire   + . .      SeeInvis .   a - +0 flail
rCold   x . .      Faith    .   c - +0 buckler
rNeg    . . .      Spirit   .   (no armour)
rPois   +          Reflect  .   (no helmet)
rElec   .          Harm     .   (no cloak)
rCorr   .          Rampage  .   (no gloves)
Will    .....                   i - +2 pair of boots
Stlth   +++.......              (no amulet)
HPRegen 0.09/turn               m - ring of Zoaxokirgh {Fire Stlth+}
MPRegen 0.08/turn               e - ring of poison resistance

@: slowed, very slow
A: thin skeletal structure 1
a: no special abilities


You were on level 2 of the Dungeon.
You visited 1 branch of the dungeon, and saw 2 of its levels.

You collected 80 gold pieces.

Inventory:

Hand Weapons
 a - a +0 flail (weapon)
Missiles
 f - a throwing net (quivered)
Armour
 b - a +0 scale mail
 c - a +0 buckler (worn)
 i - a +2 pair of boots (worn)
 l - the +3 robe of Boiling Hail {rPois Str+8}
   (You found it on level 2 of the Dungeon)

   Str:       It affects your strength (+8).
   rPois:     It protects you from poison.
Jewellery
 e - a ring of poison resistance (right hand)
 m - the ring of Zoaxokirgh (left hand) {Fire Stlth+}
   (You found it on level 2 of the Dungeon)

   [ring of fire]

   It enhances your fire magic.
   rF:        It protects you from fire.
   rC:        It makes you vulnerable to cold.
   Stlth:     It makes you more stealthy.
Scrolls
 g - 3 scrolls of acquirement {unknown}
 k - a scroll of enchant weapon {unknown}
Potions
 d - a potion of might
 h - a potion of haste {unknown}
 j - a potion of degeneration {unknown}


   Skills:
 - Level 3.0 Fighting
 * Level 3.2 Maces & Flails
 - Level 2.6 Armour
 + Level 3.3 Shields


You had 2 spell levels left.
You didn't know any spells.
Your spell library was empty.

Dungeon Overview and Level Annotations

Branches:
Dungeon (2/15)

Altars:
Uskayaw

Annotations:
D:2 Natasha


Innate Abilities, Weirdness & Mutations

You have a somewhat thin skeletal structure. (Dex +2, Stealth+)


Message History

Found a stone staircase leading down.
Natasha hisses angrily.
You barely miss Natasha. You block Natasha's attack.
Natasha closely misses you.
The endoplasm quivers.
You hit Natasha but do no damage.
Natasha casts a spell.
You thump Natasha!
Natasha is almost dead.
Natasha casts a spell at you. The magic dart hits you.
The endoplasm freezes you.
You are frozen.
You feel a terrible chill!
You hit Natasha but do no damage.
Natasha is almost dead.
Natasha claws you! The endoplasm freezes you.
You are frozen.
You feel a terrible chill!
The crimson imp hits you but does no damage.
The endoplasm closely misses you. Natasha barely misses you.
You closely miss Natasha.
Natasha is almost dead.
The crimson imp closely misses you. You block Natasha's attack.
The endoplasm hits you.
* * * LOW HITPOINT WARNING * * *
Unknown command.
You barely miss Natasha.
Natasha is almost dead.
You block the crimson imp's attack.
The endoplasm hits you but does no damage.
Natasha casts a spell at you.
You feel yourself slow down. The crimson imp hits you.
* * * LOW HITPOINT WARNING * * *
You barely miss Natasha.
Natasha is almost dead.
Natasha barely misses you. The endoplasm barely misses you.
The crimson imp misses you.
Natasha stares at you and mumbles some strange words.
The magic dart hits you!
You die...

### ###### #
...#.... .. .
......# .#
..###.#...#...
....#.#.... .#
.>.....h.###.#.
.##.#.J@.?.....
^.....5........
....##........#
.## #........#
#.#####........#
#..............#
.#
#..............#
#.#
#...###..#####.#
#.# #..
#........# #.#


You could see Natasha, a crimson imp (summoned) and an endoplasm.

Vanquished Creatures
  2 adders (D:2)
  4 ball pythons (D:1)
  3 endoplasms
  4 giant cockroaches
  2 goblins (D:1)
  A hobgoblin (D:1)
  3 jackals (D:2)
  8 bats
  3 frilled lizards
  6 kobolds
  2 rats
38 creatures vanquished.

Notes
Turn   | Place    | Note
-------+----------+-------------------------------------------
     0 | D:1      | crazypyro the Demonspawn Fighter began the quest for the
                  | Orb.
     0 | D:1      | Reached XP level 1. HP: 18/18 MP: 1/1
   141 | D:1      | Gained mutation: You have a somewhat thin skeletal
                  | structure. (Dex +2, Stealth+) [demonic ancestry]
   141 | D:1      | Reached XP level 2. HP: 24/24 MP: 2/2
   808 | D:1      | Found a hide-covered altar of Uskayaw.
   912 | D:2      | Reached XP level 3. HP: 29/29 MP: 3/3
  1189 | D:2      | Found a faded altar of an unknown god.
  1190 | D:2      | Identified the +3 robe of Boiling Hail {rPois Str+8}
  1249 | D:2      | Identified the ring of Zoaxokirgh {Fire Stlth+}
  1262 | D:2      | Noticed Natasha
  1272 | D:2      | Killed from afar by Natasha

Illustrated notes

Levels and vault maps discovered:
D:1:      dpeg_arrival_lava_altar, layout_rooms
D:2:      layout_loops_cross, shapermc_ecumenical_altar_venn, uniq_natasha

Skill      XL: |  1  2  3 |
---------------+----------+-----
Maces & Flails | 2 3 |  3.2
Shields        | 3 |  3.3
Fighting       | |  3.0
Armour         | |  2.6

Action                   || total
-------------------------++-------
Melee: Flail             ||   100
 Stab: Sleeping          ||     2
Armor: Scale mail        ||    55
       Skin              ||     2
Dodge: Dodged            ||    49
Block: Buckler           ||    34
